APP
MISSOULA OSPREY @ CHICAGO (APP) CUBS
10/22/2049
 
TOP OF THE 1ST
San Francisco (APP) Giants batting - Pitching for Johnson City Cardinals : RHP Nathan Wade
Pitching: RHP Nathan Wade
Batting: LHB Wilson Ayala 0-0: Ball
1-0: Called Strike
1-1: Ball
2-1: SINGLE (Groundball, 34D, EV 93.8 MPH)
Batting: LHB A.J. Paine 0-0: Ball
1-0: Called Strike
1-1: Ball
2-1: Foul Ball, location: 2F
2-2: Ball
Passed Ball!
Wilson Ayala to second
3-2: Foul Ball, location: 2F
3-2: Foul Ball, location: 2F
3-2: Foul Ball, location: 2F
3-2: Foul Ball, location: 2F
3-2: Strikes out swinging
Batting: RHB Bobby Arteaga 0-0: Ball
Wild Pitch!
Wilson Ayala to third
1-0: Ball
2-0: Ball
Passed Ball!
Wilson Ayala scores
3-0: Base on Balls
Batting: RHB Nate Stio 0-0: Ball
1-0: Ball
Wild Pitch!
Bobby Arteaga to second
2-0: Swinging Strike
2-1: Ground out 4-3 (Groundball, 4M, EV 103.8 MPH)
Bobby Arteaga to third
Batting: RHB Gregorio Contreras 0-0: Called Strike
0-1: Foul Ball, location: 2F
0-2: Ball
Wild Pitch!
Bobby Arteaga scores
1-2: Ball
2-2: Foul Ball, location: 2F
2-2: SINGLE (Line Drive, 6MD, EV 100.0 MPH)
Batting: RHB Luis Andrade 0-0: Fly out, F9 (Flyball, 9D, EV 100.6 MPH)
Top of the 1st over - 2 runs, 2 hits, 0 errors, 1 left on base; San Francisco (APP) 2 - Johnson City 0
BOTTOM OF THE 1ST
Johnson City Cardinals batting - Pitching for San Francisco (APP) Giants : RHP Marcos Murcia
Pitching: RHP Marcos Murcia
Batting: LHB Jasper Schoonhoven 0-0: Ball
1-0: Ball
2-0: Ball
3-0: Base on Balls
Batting: RHB Steve DeWald 0-0: Ball
1-0: Ball
2-0: Called Strike
2-1: Swinging Strike
2-2: Ball
3-2: Fly out, F7 (Line Drive, 7D, EV 105.6 MPH)
Batting: RHB Alex Rangel 0-0: Ball
1-0: Ball
2-0: Ball
3-0: Called Strike
3-1: Foul Ball, location: 2F
3-2: Strikes out swinging
Jasper Schoonhoven steals 2nd base
Batter strikes out.
Batting: LHB Jon Olesen 0-0: Called Strike
0-1: Ball
1-1: SINGLE (Groundball, 56, EV 103.8 MPH) (infield hit)
Jasper Schoonhoven to third
Batting: RHB Jason Recker 0-0: SINGLE (Flyball, 78S, EV 92.5 MPH)
Jasper Schoonhoven scores
Jon Olesen to second
Runner from 2nd tries for 3rd, SAFE, throw by LF made to third
Batting: RHB Shoma Higashi Pickoff Throw to First - Error! E1
Jon Olesen scores
Jason Recker to second
0-0: Foul Ball, location: 2F
0-1: Ball
1-1: SINGLE (Line Drive, 89S, EV 107.5 MPH)
Jason Recker to third
Runner from 3rd tries for Home, SAFE, throw by CF to home
Batting: LHB Jalen Morton 0-0: Ball
1-0: Fielders Choice at 2nd, 5-4 (Groundball, 56, EV 91.3 MPH)
Bottom of the 1st over - 3 runs, 3 hits, 1 error, 1 left on base; San Francisco (APP) 2 - Johnson City 3
TOP OF THE 2ND
San Francisco (APP) Giants batting - Pitching for Johnson City Cardinals : RHP Nathan Wade
Batting: RHB Steve Crandall 0-0: Called Strike
0-1: Ball
1-1: Ball
2-1: Ground out 6-3 (Groundball, 6, EV 105.6 MPH)
Batting: RHB Luis Herrera 0-0: Ball
1-0: Ball
2-0: Ball
3-0: Base on Balls
Batting: RHB Marcos Murcia 0-0: Bunted foul
0-1: Bunted foul
0-2: Sac Bunt to 15 - play at first, batter OUT! 1-4
Luis Herrera to second
Batting: LHB Wilson Ayala 0-0: Called Strike
0-1: Called Strike
0-2: Ball
1-2: Ball
2-2: Ball
3-2: Strikes out looking
Top of the 2nd over - 0 runs, 0 hits, 0 errors, 1 left on base; San Francisco (APP) 2 - Johnson City 3
BOTTOM OF THE 2ND
Johnson City Cardinals batting - Pitching for San Francisco (APP) Giants : RHP Marcos Murcia
Batting: SHB Josh Young 0-0: Called Strike
0-1: Ball
1-1: Ball
2-1: Swinging Strike
2-2: Ball
3-2: Ground out 6-3 (Groundball, 6, EV 101.3 MPH)
Batting: RHB Nathan Wade 0-0: Ball
1-0: Swinging Strike
1-1: Foul Ball, location: 2F
1-2: Ball
2-2: SINGLE (Groundball, 6MD, EV 98.1 MPH)
Batting: LHB Jasper Schoonhoven 0-0: Ball
1-0: Called Strike
1-1: Foul Ball, location: 2F
1-2: Fielders Choice at 2nd, 4-6 (Groundball, 34, EV 87.5 MPH)
Batting: RHB Steve DeWald 0-0: Called Strike
Pickoff Throw by Catcher to First - Out!
Bottom of the 2nd over - 0 runs, 1 hit, 0 errors, 0 left on base; San Francisco (APP) 2 - Johnson City 3
TOP OF THE 3RD
San Francisco (APP) Giants batting - Pitching for Johnson City Cardinals : RHP Nathan Wade
Batting: LHB A.J. Paine 0-0: Ball
1-0: Ball
2-0: Ground out U3 (Groundball, 3, EV 86.9 MPH)
Batting: RHB Bobby Arteaga 0-0: Foul Ball, location: 2F
0-1: Called Strike
0-2: SINGLE (Line Drive, 89S, EV 108.8 MPH)
Batting: RHB Nate Stio 0-0: Ball
Passed Ball!
Bobby Arteaga to second
1-0: Fly out, F7 (Line Drive, 7, EV 89.4 MPH)
Batting: RHB Gregorio Contreras 0-0: Swinging Strike
Passed Ball!
Bobby Arteaga to third
0-1: Foul Ball, location: 2F
0-2: Ball
1-2: Strikes out swinging
Top of the 3rd over - 0 runs, 1 hit, 0 errors, 1 left on base; San Francisco (APP) 2 - Johnson City 3
BOTTOM OF THE 3RD
Johnson City Cardinals batting - Pitching for San Francisco (APP) Giants : RHP Marcos Murcia
Batting: RHB Steve DeWald 0-0: Called Strike
0-1: Called Strike
0-2: Ball
1-2: Strikes out swinging
Batting: RHB Alex Rangel 0-0: Ball
1-0: Fly out, F5 (Line Drive, 5, EV 71.3 MPH)
Batting: LHB Jon Olesen 0-0: Ball
1-0: Ball
2-0: Called Strike
2-1: Ground out 6-3 (Groundball, 4M, EV 82.5 MPH)
Bottom of the 3rd over - 0 runs, 0 hits, 0 errors, 0 left on base; San Francisco (APP) 2 - Johnson City 3
TOP OF THE 4TH
San Francisco (APP) Giants batting - Pitching for Johnson City Cardinals : RHP Nathan Wade
Batting: RHB Luis Andrade 0-0: Ground out 5-3 (Groundball, 56, EV 105.6 MPH)
Batting: RHB Steve Crandall 0-0: Ball
1-0: Swinging Strike
1-1: Foul Ball, location: 2F
1-2: Ball
2-2: SINGLE (Groundball, 6MD, EV 93.8 MPH)
Batting: RHB Luis Herrera 0-0: Ball
Passed Ball!
Steve Crandall to second
1-0: Ball
2-0: Called Strike
2-1: Called Strike
2-2: Ball
3-2: Foul Ball, location: 2F
3-2: Base on Balls
Batting: RHB Marcos Murcia 0-0: Bunt missed!
0-1: Bunt missed!
0-2: Bunt missed, Strikeout!
Batting: LHB Wilson Ayala 0-0: Ball
1-0: Called Strike
1-1: Ball
Passed Ball!
Steve Crandall to third
Luis Herrera to second
2-1: Foul Ball, location: 2F
2-2: Foul Ball, location: 2F
2-2: Ball
3-2: Foul Ball, location: 2F
3-2: Fly out, F4 (Flyball, 4D, EV 86.9 MPH)
Top of the 4th over - 0 runs, 1 hit, 0 errors, 2 left on base; San Francisco (APP) 2 - Johnson City 3
BOTTOM OF THE 4TH
Johnson City Cardinals batting - Pitching for San Francisco (APP) Giants : RHP Marcos Murcia
Batting: RHB Jason Recker 0-0: Ball
1-0: Ball
2-0: Foul Ball, location: 2F
2-1: Foul Ball, location: 2F
2-2: Strikes out swinging
Batting: RHB Shoma Higashi 0-0: Foul Ball, location: 2F
0-1: Called Strike
0-2: Ball
1-2: Ball
2-2: Strikes out swinging
Batting: LHB Jalen Morton 0-0: Called Strike
0-1: Foul Ball, location: 2F
0-2: Ball
1-2: Ground out 4-3 (Groundball, 4, EV 101.9 MPH)
Bottom of the 4th over - 0 runs, 0 hits, 0 errors, 0 left on base; San Francisco (APP) 2 - Johnson City 3
TOP OF THE 5TH
San Francisco (APP) Giants batting - Pitching for Johnson City Cardinals : RHP Nathan Wade
Pitching: RHP Jim Pfeiffer
Batting: LHB A.J. Paine 0-0: Ball
1-0: Ball
2-0: Swinging Strike
2-1: Called Strike
2-2: Ball
3-2: Foul Ball, location: 2F
3-2: Strikes out swinging
Batting: RHB Bobby Arteaga 0-0: Ball
1-0: Ball
2-0: Fly out, F8 (Line Drive, 8RD, EV 92.5 MPH)
Batting: RHB Nate Stio 0-0: Ball
1-0: Fly out, F8 (Flyball, 8LS, EV 88.8 MPH)
Top of the 5th over - 0 runs, 0 hits, 0 errors, 0 left on base; San Francisco (APP) 2 - Johnson City 3
BOTTOM OF THE 5TH
Johnson City Cardinals batting - Pitching for San Francisco (APP) Giants : RHP Marcos Murcia
Batting: SHB Josh Young 0-0: Ball
1-0: Ground out U3 (Groundball, 3, EV 88.1 MPH)
Batting: RHB Jim Pfeiffer 0-0: Ground out 6-3 (Groundball, 6, EV 101.9 MPH)
Batting: LHB Jasper Schoonhoven 0-0: Swinging Strike
0-1: Ball
1-1: Ball
2-1: Foul Ball, location: 2F
2-2: Foul Ball, location: 2F
2-2: DOUBLE (Flyball, 8RD, EV 100.0 MPH)
Batting: RHB Steve DeWald 0-0: Called Strike
Jasper Schoonhoven steals 3rd base
0-1: Ball
1-1: Ball
2-1: Foul Ball, location: 2F
2-2: Ball
3-2: SINGLE (Groundball, 6MD, EV 97.5 MPH)
Jasper Schoonhoven scores
Batting: RHB Alex Rangel 0-0: Fly out, F8 (Flyball, 8RD, EV 96.3 MPH)
Bottom of the 5th over - 1 run, 2 hits, 0 errors, 1 left on base; San Francisco (APP) 2 - Johnson City 4
TOP OF THE 6TH
San Francisco (APP) Giants batting - Pitching for Johnson City Cardinals : RHP Jim Pfeiffer
Batting: RHB Gregorio Contreras 0-0: Foul Ball, location: 2F
0-1: Ball
1-1: Foul Ball, location: 2F
1-2: Ball
2-2: Foul Ball, location: 2F
2-2: Foul Ball, location: 2F
2-2: Ground out 6-3 (Groundball, 6, EV 102.5 MPH)
Batting: RHB Luis Andrade 0-0: Called Strike
0-1: Ball
1-1: Ball
2-1: Hit by Pitch
Batting: RHB Steve Crandall 0-0: Ball
Luis Andrade steals 2nd base
1-0: Called Strike
1-1: Called Strike
1-2: Ball
Passed Ball!
Luis Andrade to third
2-2: Fly out, F7 (Flyball, 7, EV 71.9 MPH)
Batting: RHB Luis Herrera 0-0: Ball
Passed Ball!
Luis Andrade scores
1-0: Called Strike
1-1: Swinging Strike
1-2: Ball
2-2: Strikes out swinging
Top of the 6th over - 1 run, 0 hits, 0 errors, 0 left on base; San Francisco (APP) 3 - Johnson City 4
BOTTOM OF THE 6TH
Johnson City Cardinals batting - Pitching for San Francisco (APP) Giants : RHP Marcos Murcia
Pitching: RHP Nick Wood
Now at SS: Jimmy Kovac
Batting: LHB Jon Olesen 0-0: Called Strike
0-1: Ball
1-1: Ball
2-1: Ground out U3 (Groundball, 3, EV 91.9 MPH)
Batting: RHB Jason Recker 0-0: Swinging Strike
0-1: Foul Ball, location: 2F
0-2: Ball
1-2: Ball
2-2: Ball
3-2: Ground out 1-3 (Groundball, 34S, EV 68.8 MPH)
Batting: RHB Shoma Higashi 0-0: Ball
1-0: SINGLE (Groundball, 3L, EV 100.6 MPH)
Batting: LHB Jalen Morton 0-0: Called Strike
0-1: Ball
1-1: Ground out 1-3 (Groundball, 34S, EV 71.3 MPH)
Bottom of the 6th over - 0 runs, 1 hit, 0 errors, 1 left on base; San Francisco (APP) 3 - Johnson City 4
TOP OF THE 7TH
San Francisco (APP) Giants batting - Pitching for Johnson City Cardinals : RHP Jim Pfeiffer
Pitching: RHP Ron Rawl
Batting: SHB Jimmy Kovac 0-0: Called Strike
0-1: Ground out 4-3 (Groundball, 4S, EV 81.3 MPH)
Batting: LHB Wilson Ayala 0-0: Ball
1-0: Foul Ball, location: 2F
1-1: Foul Ball, location: 2F
1-2: Ball
2-2: Foul Ball, location: 2F
2-2: Ground out 6-3 (Groundball, 6M, EV 98.8 MPH)
Batting: LHB A.J. Paine 0-0: Called Strike
0-1: Swinging Strike
0-2: Ground out 6-3 (Groundball, 6, EV 86.3 MPH)
Top of the 7th over - 0 runs, 0 hits, 0 errors, 0 left on base; San Francisco (APP) 3 - Johnson City 4
BOTTOM OF THE 7TH
Johnson City Cardinals batting - Pitching for San Francisco (APP) Giants : RHP Nick Wood
Pitching: RHP Nick Wolford
Batting: SHB Josh Young 0-0: Called Strike
0-1: Foul Ball, location: 2F
0-2: Ball
1-2: Ball
2-2: Strikes out looking
Pinch Hitting: SHB Ben van Halem 0-0: Called Strike
0-1: Called Strike
0-2: Ball
1-2: Fly out, F8 (Flyball, 8LS, EV 95.0 MPH)
Batting: LHB Jasper Schoonhoven 0-0: Ball
1-0: Called Strike
1-1: SINGLE (Groundball, 6, EV 83.8 MPH) (infield hit)
Batting: RHB Steve DeWald 0-0: Called Strike
Jasper Schoonhoven is caught stealing 2nd base 2-4
Bottom of the 7th over - 0 runs, 1 hit, 0 errors, 0 left on base; San Francisco (APP) 3 - Johnson City 4
TOP OF THE 8TH
San Francisco (APP) Giants batting - Pitching for Johnson City Cardinals : RHP Ron Rawl
Pitching: RHP Mike Gruba
Batting: RHB Bobby Arteaga 0-0: Ball
1-0: Called Strike
1-1: Foul Ball, location: 2F
1-2: Strikes out swinging
Batting: RHB Nate Stio 0-0: Ball
1-0: Called Strike
1-1: Foul Ball, location: 2F
1-2: Foul Ball, location: 2F
1-2: Ball
2-2: Strikes out swinging
Batting: RHB Gregorio Contreras 0-0: Ball
1-0: Called Strike
1-1: Ground out 2-3 (Groundball, 13S, EV 70.0 MPH)
Top of the 8th over - 0 runs, 0 hits, 0 errors, 0 left on base; San Francisco (APP) 3 - Johnson City 4
BOTTOM OF THE 8TH
Johnson City Cardinals batting - Pitching for San Francisco (APP) Giants : RHP Nick Wolford
Pitching: LHP Rick Stark
Batting: RHB Steve DeWald 0-0: Ground out 5-3 (Groundball, 56, EV 84.4 MPH)
Batting: RHB Alex Rangel 0-0: Ball
1-0: Ball
2-0: Ball
3-0: Swinging Strike
3-1: Swinging Strike
3-2: Strikes out looking
Batting: LHB Jon Olesen 0-0: Swinging Strike
0-1: Ground out 4-3 (Groundball, 34, EV 99.4 MPH)
Bottom of the 8th over - 0 runs, 0 hits, 0 errors, 0 left on base; San Francisco (APP) 3 - Johnson City 4
TOP OF THE 9TH
San Francisco (APP) Giants batting - Pitching for Johnson City Cardinals : RHP Mike Gruba
Pitching: LHP Rico Maldonado
Batting: RHB Luis Andrade 0-0: Ball
1-0: Swinging Strike
1-1: Ball
2-1: Foul Ball, location: 2F
2-2: Strikes out swinging
Batting: RHB Steve Crandall 0-0: Called Strike
0-1: SINGLE (Flyball, 78S, EV 96.3 MPH)
Pinch Hitting: SHB Luis Arellano 0-0: Ball
1-0: Foul Ball, location: 2F
1-1: Foul Ball, location: 2F
1-2: Fielders Choice at 2nd, 6-4 (Groundball, 6, EV 99.4 MPH)
Pinch Hitting: RHB Antonio Ocampo 0-0: Foul Ball, location: 2F
0-1: Ball
1-1: Ball
Passed Ball!
Luis Arellano to second
2-1: Ball
3-1: Base on Balls
Batting: LHB Wilson Ayala 0-0: Ground out 3-1 (Groundball, 3L, EV 101.9 MPH)
Top of the 9th over - 0 runs, 1 hit, 0 errors, 2 left on base; San Francisco (APP) 3 - Johnson City 4
Sunday, July 16th , 2023 - OOTP Baseball 24.6 Build 69